AoeStats
← Destiny9x

Arena

510204961Analyzed
4v4 RM · 2d ago on Sep 29, 2026· 61m 0s· 8 players
Game mode
Random Map
Map size
Large (8 player)
Population
200
Speed
Normal
Resources
Standard
Victory
Conquest
Starting age
Dark Age
Ending age
Imperial Age
RankedLock teamsTeams togetherTeam positionsShared explorationLock speedFull tech treeHidden civsTurbo modeCheats
Victory
Defeat
🇨🇴 Malay · Colombia
704
+16
🇨🇱 Sicilians · Chile
570
+21
🇺🇸 Britons · United States
544
+22
🇨🇱 Turks · Chile
523
+23
🇩🇪 Persians · Germany
825
-26
🇬🇧 Varangians · United Kingdom
674
-20
🇩🇪 Koreans · Germany
629
-18
🇩🇪 Huns · Germany
617
-18
Yurmus
9:41 Feudal Age
7:59 Loom
17:26 Fletching
19:10 Padded Archer Armor
29:58 Castle Age
35:26 Crossbowman
36:08 Bodkin Arrow
36:29 Leather Archer Armor
Balardroch
1:04 Loom
13:29 Feudal Age
21:36 Castle Age
19:36 Horse Collar
19:46 Double-Bit Axe
19:49 Horse Collar
21:49 Heavy Plow
24:47 Squires
24:33 Arson
24:09 Man-at-Arms
27:19 Long Swordsman
30:39 Imperial Age
28:54 Forging
30:00 Town Watch
31:08 Wheelbarrow
30:14 Pikeman
31:18 Two-Handed Swordsman
32:44 Iron Casting
32:59 Caravan
36:10 Halberdier
39:22 Blast Furnace
50:16 Elite Karambit Warrior
51:20 Conscription
58:52 Gold Mining
Mapuche Mayer
10:14 Feudal Age
14:08 Castle Age
12:26 Double-Bit Axe
12:31 Horse Collar
19:02 Wheelbarrow
19:19 Bow Saw
21:54 Heavy Plow
22:41 Fervor
24:19 Stone Mining
24:26 Gold Mining
25:35 Loom
26:08 Hand Cart
27:03 Ballistics
27:27 Treadmill Crane
30:18 Imperial Age
28:36 Gold Shaft Mining
28:14 Town Watch
29:39 Sipahi
29:41 Fletching
29:52 Padded Archer Armor
30:20 Bodkin Arrow
30:25 Heavy Cavalry Archer
31:31 Parthian Tactics
31:11 Thumb Ring
31:21 Bloodlines
31:11 Husbandry
31:28 Leather Archer Armor
32:32 Two-Man Saw
32:09 Bracer
32:37 Conscription
33:04 Bombard Tower
33:52 Ring Archer Armor
33:25 Town Patrol
33:55 Masonry
33:41 Murder Holes
34:39 Artillery
37:35 Caravan
38:06 Coinage
37:46 Guilds
39:33 Architecture
39:18 Fortified Wall
60:41 Spies/Treason
lesterwood
3:19 Loom
10:05 Feudal Age
10:51 Double-Bit Axe
11:58 Horse Collar
15:26 Wheelbarrow
15:00 Stone Mining
21:01 Gold Mining
25:26 Castle Age
26:31 Bow Saw
26:26 Heavy Plow
26:58 Hand Cart
46:02 Imperial Age
46:08 Onager
50:20 Murder Holes
50:14 Town Watch
51:01 Crop Rotation
51:10 Gold Shaft Mining
51:10 Stone Shaft Mining
53:37 Caravan
55:18 Siege Onager
Ser_Gen_T
13:16 Feudal Age
14:33 Double-Bit Axe
14:43 Horse Collar
17:05 Gold Mining
22:44 Castle Age
21:53 Stone Mining
23:47 Bow Saw
23:40 Heavy Plow
25:38 Husbandry
25:51 Bloodlines
28:38 Marauders
33:38 Imperial Age
33:42 Elite Tarkan
35:21 Forging
35:26 Scale Mail Armor
jsx_001
6:48 Loom
13:31 Feudal Age
13:33 Man-at-Arms
14:43 Arson
15:01 Double-Bit Axe
17:34 Scale Mail Armor
20:23 Gold Mining
23:15 Fletching
27:41 Castle Age
25:50 Padded Archer Armor
27:47 Crossbowman
28:31 Bodkin Arrow
30:32 Leather Archer Armor
AramPseudoGerman
12:14 Feudal Age
12:31 Horse Collar
12:38 Double-Bit Axe
13:31 Wheelbarrow
19:15 Castle Age
18:50 Stone Mining
20:05 Hand Cart
20:02 Bow Saw
19:54 Heavy Plow
22:30 Gold Mining
27:28 Gold Shaft Mining
30:02 Imperial Age
29:09 Forging
29:05 Scale Barding Armor
31:01 Crop Rotation
31:11 Stone Shaft Mining
31:39 Two-Man Saw
30:59 Caravan
32:03 Chain Barding Armor
32:18 Iron Casting
32:54 Conscription
32:56 Guilds
32:59 Masonry
32:21 Pikeman
33:22 Squires
33:13 Elite War Elephant
34:16 Scale Mail Armor
35:18 Blast Furnace
35:18 Halberdier
36:29 Chain Mail Armor
37:39 Chemistry
36:47 Padded Archer Armor
36:40 Fletching
37:34 Town Watch
37:34 Loom
37:12 Elite Skirmisher
38:00 Thumb Ring
38:41 Plate Mail Armor
38:30 Leather Archer Armor
38:27 Kamandaran
37:50 Crossbowman
40:28 Plate Barding Armor
41:55 Ring Archer Armor
41:23 Bodkin Arrow
42:48 Husbandry
42:59 Bloodlines
44:48 Hoardings
45:09 Ballistics
Destiny9x
12:26 Feudal Age
13:26 Double-Bit Axe
14:23 Gold Mining
17:47 Wheelbarrow
17:55 Scale Mail Armor
18:06 Forging
18:08 Man-at-Arms
26:31 Castle Age
30:05 Long Swordsman
31:43 Horse Collar
31:56 Stone Mining
34:44 Bow Saw
40:04 Iron Casting
39:45 Chain Mail Armor
51:50 Hand Cart
Connection lost

Rejoining the realm…

Still unreachable

The connection could not be restored.

Session expired

The server has moved on; the page needs a fresh start.